 Dungeon Crawl Stone Soup version 0.29.1-2-gbd0b4ee654 (webtiles) character file.

Game seed: 11613345528782174016

673 safid the Fighter (level 7, -2/68 HPs)
             Began as a Minotaur Hunter on Nov 3, 2022.
             Killed by divine providence
             ... invoked by an orc priest
              (12 damage)
             ... on level 5 of the Dungeon.
             The game lasted 00:09:14 (5223 turns).

safid the Fighter (Minotaur Hunter)                 Turns: 5223, Time: 00:09:14

Health: -2/68      AC:  5    Str: 16    XL:     7   Next: 33%
Magic:  6/6        EV: 12    Int:  6    God:
Gold:   242        SH:  5    Dex: 15    Spells: 6/6 levels left

rFire   . . .      SeeInvis .   a - +0 shortbow
rCold   . . .      Faith    .   (shield currently unavailable)
rNeg    . . .      Spirit   .   c - +1 leather armour
rPois   .          Reflect  +   (helmet restricted)
rElec   .          Harm     .   (no cloak)
rCorr   .          Rampage  .   r - +0 pair of gloves
Will    .....                   (no boots)
Stlth   +.........              j - amulet of reflection
HPRegen 0.21/turn               (no ring)
MPRegen 0.10/turn               (no ring)

@: no status effects
A: horns 2, retaliatory headbutt
a: no special abilities


You were on level 5 of the Dungeon.
You visited 1 branch of the dungeon, and saw 5 of its levels.

You collected 242 gold pieces.

Inventory:

Hand Weapons
 a - a +0 shortbow (weapon)
Armour
 c - a +1 leather armour (worn)
 r - a +0 pair of gloves (worn)
Jewellery
 j - an amulet of reflection (around neck)
Wands
 s - a wand of paralysis (11)
Scrolls
 b - a scroll of immolation
 d - a scroll of enchant armour
 g - a scroll of fear
 m - a scroll of torment {unknown}
 n - 2 scrolls of amnesia
 o - a scroll of identify
 q - a scroll of blinking {unknown}
 v - a scroll of teleportation {unknown}
Potions
 f - 3 potions of heal wounds {unknown}
 h - a potion of might {unknown}
 i - 5 potions of curing
 k - a potion of lignification {unknown}
 l - a potion of flight {unknown}
 p - a potion of magic {unknown}
 t - a potion of ambrosia {unknown}
 u - a potion of cancellation {unknown}


   Skills:
 - Level 8.0 Fighting
 + Level 7.0 Ranged Weapons
 - Level 2.1 Dodging
 - Level 0.7 Stealth


You had 6 spell levels left.
You didn't know any spells.
Your spell library contained the following spells:

 Spells                   Type           Power      Damage    Failure   Level
 Ensorcelled Hibernation  Hex/Ice        0%         N/A       67%         2
 Conjure Flame            Conj/Fire      0%         6-21      88%         3
 Gell's Gravitas          Tloc           0%         N/A       88%         3
 Ignite Poison            Fire/Tmut/Pois 0%         N/A       88%         3
 Lesser Beckoning         Tloc           0%         N/A       88%         3
 Spider Form              Tmut/Pois      0%         N/A       88%         3
 Teleport Other           Tloc           0%         N/A       88%         3
 Anguish                  Hex/Necr       0%         N/A       99%         4
 Sticky Flame             Conj/Fire      0%         2d3       99%         4
 Malign Gateway           Summ/Tloc      0%         N/A       100%        7
 Summon Horrible Things   Summ           0%         N/A       100%        8


Dungeon Overview and Level Annotations

Branches:
Dungeon (5/15)
 Temple: D:4-7

Altars:


Innate Abilities, Weirdness & Mutations

You have a pair of horns on your head.
You reflexively headbutt those who attack you in melee.


Message History

The orc warrior is moderately wounded.
The orc priest mumbles some strange prayers to Beogh against you.
Beogh smites you! The orc warrior closely misses you.
You shoot an arrow. The arrow hits the orc warrior.
The orc warrior is moderately wounded.
You block the orc warrior's attack.
You shoot an arrow.
The arrow hits the orc warrior but does no damage.
The orc warrior is moderately wounded.
You block the orc warrior's attack. The orc warrior closely misses you.
You furiously retaliate!
You headbutt the orc warrior. You shoot an arrow.
The arrow barely misses the orc warrior.
The arrow hits the orc priest but does no damage.
The orc priest is severely wounded.
The orc warrior hits you with a +0 war axe!
You are too injured to fight recklessly!
You are too injured to fight recklessly!
You are too injured to fight recklessly!
You are too injured to fight recklessly!
You are too injured to fight recklessly!
Fire: a) +0 shortbow
Press: ? - help, Q - select action, (/) - cycle Shift-Dir - straight line, f/p - orc warrior
Aim: an orc warrior, wielding a +0 war axe and wearing a +0 chain mail (heavily wounded, 63% to hit)
You shoot an arrow.
The arrow hits the orc warrior but does no damage.
The orc warrior is heavily wounded.
The orc warrior hits you with a +0 war axe!
* * * LOW HITPOINT WARNING * * *
The orc priest miscasts a cantrip.
Fire: a) +0 shortbow
Press: ? - help, Q - select action, (/) - cycle Shift-Dir - straight line, f/p - orc warrior
Aim: an orc warrior, wielding a +0 war axe and wearing a +0 chain mail (heavily wounded, 63% to hit)
You shoot an arrow.
The arrow barely misses the orc warrior.
The arrow hits the orc priest but does no damage.
The orc priest is severely wounded.
The orc priest mumbles some strange prayers to Beogh against you.
Beogh smites you!
You die...

# #..# ##. #.. ..(# #..
#.8. #.. ..#..##.#
...8..#.# .....ooo# #o#
### #@# ####.###)#
#.#.###.....##.#
#.#............#
##.######..>.####
##...#...........######
......................#
###....####........##.#
###..######.##......#


You could see an orc warrior, an orc priest and an orc.

Vanquished Creatures
  Duvessa (D:4)
  A black bear (D:4)
  An ogre (D:4)
  Dowan (D:4)
  2 iguanas
  Terence (D:2)
  2 orc wizards
  Robin (D:3)
  6 adders
  5 dart slugs
  16 orcs
  4 bats
  6 endoplasms
  5 giant cockroaches
  19 goblins
  16 hobgoblins
  2 jackals
  8 kobolds
  6 quokkas
  5 ball pythons
  2 frilled lizards
  A rat (D:1)
111 creatures vanquished.

Notes
Turn   | Place    | Note
-------+----------+-------------------------------------------
     0 | D:1      | safid the Minotaur Hunter began the quest for the Orb.
     0 | D:1      | Reached XP level 1. HP: 18/18 MP: 0/0
   457 | D:1      | Reached XP level 2. HP: 25/25 MP: 1/1
   475 | D:1      | Reached skill level 3 in Fighting
  1101 | D:2      | Reached skill level 5 in Ranged Weapons
  1101 | D:2      | Reached XP level 3. HP: 31/31 MP: 2/2
  1293 | D:2      | You fall into a shaft and drop 2 floors!
  1306 | D:4      | Reached skill level 4 in Fighting
  1306 | D:4      | Reached XP level 4. HP: 16/40 MP: 3/3
  2100 | D:2      | Noticed Terence
  2116 | D:2      | Killed Terence
  2117 | D:2      | Reached XP level 5. HP: 11/47 MP: 4/4
  2377 | D:2      | Found a faded altar of an unknown god.
  2774 | D:3      | Reached skill level 5 in Fighting
  2774 | D:3      | Noticed Robin
  3445 | D:3      | Killed Robin
  3669 | D:4      | Noticed an ogre
  3680 | D:4      | Killed an ogre
  3681 | D:4      | Reached skill level 6 in Fighting
  3681 | D:4      | Reached XP level 6. HP: 48/58 MP: 5/5
  4115 | D:4      | Reached skill level 7 in Fighting
  4256 | D:4      | Noticed Dowan
  4257 | D:4      | Noticed Duvessa
  4275 | D:4      | Killed Duvessa
  4276 | D:4      | Reached skill level 8 in Fighting
  4276 | D:4      | Reached XP level 7. HP: 33/68 MP: 6/6
  4278 | D:4      | Killed Dowan
  4743 | D:5      | Entered Level 5 of the Dungeon
  5223 | D:5      | Killed from afar by an orc priest

Illustrated notes

Levels and vault maps discovered:
D:1:      dpeg_arrival_triangle_fractal, layout_loops_corners,
          minmay_misc_feat_nine_boxes
D:2:      layout_rooms, shapermc_ecumenical_altar_starsandcircs, uniq_terence
D:3:      layout_loops_cross, nicolae_eternal_life, uniq_robin
D:4:      layout_loops_ring, lightli_ossuary_entry_decrepit_ruins,
          grunt_ministairs_8, hangedman_abyss_or_decor_stagger, uniq_duvessa
D:5:      black_bear_nest_2, layout_loops_ring, minmay_overflow_temple_star_hex,
          guppyfry_early_orc_mine

Skill      XL: |  1  2  3  4  5  6  7 |
---------------+----------------------+-----
Fighting       | 3 4 6 8 |  8.0
Ranged Weapons | 5 6 7 |  7.0
Dodging        | |  2.1
Stealth        | |  0.7

Action                   |  1- 3 |  4- 6 |  7- 9 || total
-------------------------+-------+-------+-------++-------
 Fire: Shortbow          |    93 |   255 |    56 ||   404
  Use: Scroll            |       |       |     4 ||     4
Armor: Leather armour    |     6 |    44 |     1 ||    51
Dodge: Dodged            |    19 |    90 |    18 ||   127
Block: Other             |       |    27 |     7 ||    34
       Reflection        |       |       |     1 ||     1
